[Event "Early-Titled-Tuesday-Blitz-January-30-2024"]
[Site "Chess.com"]
[Date "2024.01.30"]
[Round "8"]
[White "tolia123"]
[Black "Juicy_Fork"]
[Result "1-0"]
[WhiteElo "2183"]
[BlackElo "2418"]
[TimeControl "180+1"]
[EndTime "9:29:08 PST"]
[Termination "tolia123 won on time"]

1. d4 Nf6 2. Nc3 d5 3. Bf4 g6 4.
Qd2 Bg7 5. Bh6 O-O 6. O-O-O c5 7. Bxg7 Kxg7 8. dxc5 Qa5 9. f3 Nc6 10. e3 Qxc5 11.
g4 Be6 12. Nge2 Rac8 13. g5 Nd7 14. h4 Nde5 15. Nd4 Bd7 16. h5 Nc4 17. Bxc4 Qxc4 18.
hxg6 fxg6 19. Qh2 Rh8 20. Nxc6 bxc6 21. Qe5+ Kg8 22. Qxe7 Bf5 23. Rd4 Qa6 24. Rdh4 h5 25. gxh6 Rh7 26. Qe5 Qb6 27. e4 Qe3+ 28. Kb1 d4 29. Nd1 Qe2 30. R4h2 1-0

[Event "Early-Titled-Tuesday-Blitz-January-30-2024"]
[Site "Chess.com"]
[Date "2024.01.30"]
[Round "8"]
[White "Quattroporte300"]
[Black "Klavdia_Nik"]
[Result "1-0"]
[WhiteElo "2386"]
[BlackElo "2131"]
[TimeControl "180+1"]
[EndTime "9:29:08 PST"]
[Termination "Quattroporte300 won on time"]

1. e4 d6 2. d4 g6 3. Nf3 Bg7 4. Bc4 c6 5. h3 b5 6. Bb3 a5 7. a4 b4 8. O-O Nf6 9. Re1 O-O 10. Nbd2 Qc7 11. Qe2 Nfd7 12. e5 e6 13. exd6 Qxd6 14.
Ne4 Qc7 15. Bg5 Re8 16. Rad1 h6 17. Bh4 Ba6 18. Qd2 Kh7 19. Bg3 Qb6 20. Bd6 Nf6 21. Qf4 Nbd7 22. Nc5 Bc8 23. Ne5 Nxe5 24. dxe5 Nd5 25.
Qxf7 Rg8 26. Qf3 Ra7 27. Qd3 1-0

[Event "Early-Titled-Tuesday-Blitz-January-30-2024"]
[Site "Chess.com"]
[Date "2024.01.30"]
[Round "8"]
[White "cristianserban1"]
[Black "DavidGavrilescu18"]
[Result "0-1"]
[WhiteElo "2578"]
[BlackElo "2796"]
[TimeControl "180+1"]
[EndTime "9:29:09 PST"]
[Termination "DavidGavrilescu18 won by resignation"]

1. d4 e6 2. c4 c5 3. d5 exd5 4.
cxd5 d6 5. Nc3 a6 6. a4 Ne7 7. Nf3 Ng6 8. h3 Be7 9. e4 O-O 10. Bd3 Bf6 11. O-O Re8 12. Re1 Nd7 13. Bf1 Qc7 14. Nd2 Nde5 15. Nc4 Nxc4 16. Bxc4 Bd7 17. Qc2 b5 18. axb5 axb5 19. Rxa8 Rxa8 20. Bf1 c4 21.
Nd1 h6 22. Be3 Qa5 23. Bd2 Qb6 24. Be3 Bd4 25. b3 Ne5 26. bxc4 bxc4 27. f4 Ba4 28. Qf2 Bxe3 29. Qxe3 Qxe3+ 30. Nxe3 Nd3 31. Bxd3 cxd3 32. Nc4 Rc8 33. Ne3 d2 34. Rf1 Rc1 35. Kf2 Rxf1+ 36.
Kxf1 d1=Q+ 37. Nxd1 Bxd1 38. e5 Kf8 39. exd6 Ke8 40.
Kf2 Bb3 0-1

[Event "Early-Titled-Tuesday-Blitz-January-30-2024"]
[Site "Chess.com"]
[Date "2024.01.30"]
[Round "8"]
[White "SahibSinghKnight"]
[Black "VitaliyBernadskiy"]
[Result "0-1"]
[WhiteElo "2669"]
[BlackElo "2909"]
[TimeControl "180+1"]
[EndTime "9:29:13 PST"]
[Termination "VitaliyBernadskiy won by resignation"]

1. e4 c6 2. d4 d5 3. Nc3 a6 4.
exd5 cxd5 5. Nf3 Nc6 6. h3 Bf5 7. Bd3 Bxd3 8. Qxd3 e6 9. O-O Nf6 10. Bg5 Be7 11. Rfe1 O-O 12. Rad1 Rc8 13. a3 Na5 14. Ne5 Nc4 15. Nxc4 Rxc4 16. Bxf6 Bxf6 17. Ne4 Be7 18. Nd2 Rc6 19. c3 Qb6 20. b4 Rfc8 21. Re3 g6 22. Nb3 Qc7 23. Nc5 a5 24. b5 Rb6 25. Na4 Rd6 26. Nc5 Rdd8 27. Na4 b6 28. Ra1 Rb8 29. Qe2 Bd6 30. Nb2 Qe7 31. a4 Rdc8 32.
Qe1 Rc7 33. g3 Rbc8 34. Kg2 Qd7 35. Qd2 Bf8 36. Nd1 Rc4 37. Nb2 R4c7 38. f4 Bg7 39.
Nd1 Rc4 40. Nb2 R4c7 41. Nd1 Qd8 42. h4 Qf6 43. Nf2 Qf5 44. Kf3 h5 45. Nh1 Qg4+ 46.
Kg2 Rc4 47. Nf2 Qf5 48. Nd1 Bxd4 49. Rd3 Qe4+ 0-1

[Event "Early-Titled-Tuesday-Blitz-January-30-2024"]
[Site "Chess.com"]
[Date "2024.01.30"]
[Round "8"]
[White "ricaurtelopezj1955"]
[Black "AnaKuchava"]
[Result "1-0"]
[WhiteElo "2160"]
[BlackElo "2201"]
[TimeControl "180+1"]
[EndTime "9:29:13 PST"]
[Termination "ricaurtelopezj1955 won on time"]

1. e4 c5 2. d4 cxd4 3. c3 Nf6 4. e5 Nd5 5. Bc4 Nb6 6. Bb3 d5 7. cxd4 Bf5 8. Nc3 e6 9. Nf3 Nc6 10. O-O Be7 11. h3 Rc8 12. Bf4 O-O 13. Qd2 Nc4 14. Qe2 N6a5 15. Rac1 a6 16. Bc2 Bxc2 17. Rxc2 b5 18. Rfc1 Qd7 19. Nd1 Nb6 20. b3 Ba3 21. Rxc8 Rxc8 22. Rxc8+ Qxc8 23. Qd2 Nc6 24. Bg5 Nb4 25.
Be7 Qc2 26. Bxb4 Qxd2 27. Bxd2 Be7 28. Ne1 Kf8 29. Nd3 Ke8 30. Bb4 Bd8 31. Nc5 1-0

[Event "Early-Titled-Tuesday-Blitz-January-30-2024"]
[Site "Chess.com"]
[Date "2024.01.30"]
[Round "8"]
[White "scarabee43"]
[Black "bazar-wokzal"]
[Result "1-0"]
[WhiteElo "2841"]
[BlackElo "2599"]
[TimeControl "180+1"]
[EndTime "9:29:14 PST"]
[Termination "scarabee43 won by resignation"]

1. Nf3 c5 2. c4 g6 3. Nc3 Bg7 4. g3 Nc6 5. Bg2 d6 6. O-O Nh6 7. b3 Nf5 8. Bb2 h5 9. e3 h4 10. Qb1 a6 11. Nd5 e5 12. d4 hxg3 13. hxg3 cxd4 14.
exd4 Ncxd4 15. Nxd4 Nxd4 16. Bxd4 exd4 17. Qe4+ Kf8 18.
Rad1 Bf5 19. Qf3 Qg5 20. Nf4 Rb8 21. Rde1 Be5 22. Rc1 Bxf4 23. gxf4 Qh4 24. Rfd1 Qh2+ 25.
Kf1 d3 26. Qd5 Qxf4 27. c5 dxc5 28. Rc4 Qg5 29. Qe5 Qh5 30. Qxb8+ Kg7 31. Qe5+ Kh7 32. Rd2 Rd8 33. Qf6 Rd7 34. Rh4 1-0

[Event "Early-Titled-Tuesday-Blitz-January-30-2024"]
[Site "Chess.com"]
[Date "2024.01.30"]
[Round "8"]
[White "artooon"]
[Black "KuzubovYuriy"]
[Result "1-0"]
[WhiteElo "3023"]
[BlackElo "2915"]
[TimeControl "180+1"]
[EndTime "9:29:16 PST"]
[Termination "artooon won by resignation"]

1. e4 e6 2. d4 d5 3. Nd2 Nc6 4. Ngf3 Nf6 5. e5 Nd7 6. Bd3 Nb4 7. Be2 c5 8. c3 Nc6 9. O-O Qb6 10. a4 cxd4 11. cxd4 Nxd4 12. a5 Nxf3+ 13. Nxf3 Qd8 14. Bg5 Be7 15. Bxe7 Qxe7 16. Qc1 O-O 17. Qc7 f6 18. Rac1 Qd8 19. exf6 Nxf6 20. Ne5 Nd7 21. f4 Nf6 22. Qxd8 Rxd8 23. Rc7 Ne8 24. Re7 Nd6 25. Rc1 Nf5 26.
Rec7 Nd4 27. Bd3 Nb3 28. R1c3 Nxa5 29. Bxh7+ Kxh7 30. Rg3 Bd7 31. Nxd7 Rac8 32. Nf6+ Kh6 33. Rcxg7 Rc1+ 34. Kf2 Rc2+ 35. Kf3 1-0

[Event "Early-Titled-Tuesday-Blitz-January-30-2024"]
[Site "Chess.com"]
[Date "2024.01.30"]
[Round "8"]
[White "h4parah5"]
[Black "FairChess_on_YouTube"]
[Result "0-1"]
[WhiteElo "2901"]
[BlackElo "3092"]
[TimeControl "180+1"]
[EndTime "9:29:17 PST"]
[Termination "FairChess_on_YouTube won on time"]

1. d4 Nf6 2. Nf3 e6 3. Bf4 b6 4. e3 Bb7 5. a4 Nh5 6. Bg5 Be7 7. Bxe7 Qxe7 8. c3 a6 9. Nbd2 d6 10. Bd3 Nd7 11. Qe2 g6 12. g4 Nhf6 13. g5 Nh5 14.
Rg1 O-O 15. h4 e5 16. Bc2 Rfe8 17. O-O-O b5 18. dxe5 Nxe5 19. Nxe5 Qxe5 20. Rg4 Rab8 21. Nf3 Nf4 22. Nxe5 Nxe2+ 23. Kd2 Nxc3 24. bxc3 Rxe5 25. Rb1 Rd5+ 26. Ke1 Rc5 27. Kd2 c6 28. Rd4 d5 29. a5 Re8 30. Bd3 Bc8 0-1

[Event "Early-Titled-Tuesday-Blitz-January-30-2024"]
[Site "Chess.com"]
[Date "2024.01.30"]
[Round "8"]
[White "winniethepooh04"]
[Black "kekic76"]
[Result "1-0"]
[WhiteElo "2536"]
[BlackElo "2355"]
[TimeControl "180+1"]
[EndTime "9:29:18 PST"]
[Termination "winniethepooh04 won by resignation"]

1. d4 d6 2. Nf3 Nc6 3. Bf4 g6 4. h3 Bg7 5. e3 Nf6 6. Be2 O-O 7.
O-O Bd7 8. c4 Qe8 9. Nc3 a6 10.
Rc1 e5 11. Bh2 Rd8 12. a3 Bf5 13. b4 exd4 14. exd4 Ne4 15. Nd5 Qd7 16. Re1 Rfe8 17. Bf1 h6 18. Ne3 Nf6 19. Bd3 Bxd3 20. Qxd3 Re7 21.
Nc2 Rde8 22. Rxe7 Rxe7 23. Re1 Qe8 24. Rxe7 Qxe7 25. d5 Nb8 26. Qe3 Qxe3 27. Nxe3 Nbd7 28. c5 dxc5 29. bxc5 Nxc5 30. Bxc7 Nfd7 31. Kf1 f5 32. Ke2 Bb2 33. Nc4 Bf6 34. Nfe5 Nxe5 35. Bxe5 Bxe5 36.
Nxe5 g5 37. Ke3 Kf8 38. Kd4 Ne4 39. f3 Nf6 40. Nc4 Ke7 41. Ke5 f4 42. d6+ Kf7 43. Nb6 a5 44. d7 Ke7 45. d8=Q+ Kxd8 46. Kxf6 Kc7 47. Nc4 b6 48. Kg6 Kc6 49. Kxh6 Kc5 50. Nb2 b5 51. Kxg5 Kd4 52. h4 Kc3 53. h5 Kxb2 54. h6 Kxa3 55. h7 b4 56. h8=Q a4 57. Qa1+ Kb3 58. Kxf4 a3 59. Ke3 Kc2 60. Qa2+ Kc3 61.
g4 1-0

[Event "Early-Titled-Tuesday-Blitz-January-30-2024"]
[Site "Chess.com"]
[Date "2024.01.30"]
[Round "8"]
[White "Matols"]
[Black "SaiAgni_98"]
[Result "0-1"]
[WhiteElo "2396"]
[BlackElo "2573"]
[TimeControl "180+1"]
[EndTime "9:29:19 PST"]
[Termination "SaiAgni_98 won by resignation"]

1. d4 d5 2. c4 e6 3. Nf3 Nf6 4. g3 Bd6 5. Nc3 h6 6. Bg2 O-O 7. O-O Nc6 8. Re1 dxc4 9. e4 e5 10. dxe5 Nxe5 11. Nxe5 Bxe5 12. f4 Bd4+ 13. Be3 Bxe3+ 14.
Rxe3 c6 15. Qxd8 Rxd8 16. e5 Nd5 17. Rd1 Bg4 18. Bxd5 Bxd1 19. Bxc4 Bg4 20. Ne4 Rd1+ 21.
Kf2 b5 22. Bb3 Rb1 23. Nd6 Rxb2+ 24. Ke1 Be6 25. f5 Bxb3 26. axb3 Kf8 27. e6 fxe6 28. fxe6 Ke7 29. Nf5+ Kf6 30. g4 Re8 31. e7 Rxh2 32. Rd3 Rxe7+ 33. Nxe7 Kxe7 34. Re3+ Kd6 35. Rf3 Rg2 36.
Rf7 Rxg4 37. Rxa7 Kc5 0-1

[Event "Early-Titled-Tuesday-Blitz-January-30-2024"]
[Site "Chess.com"]
[Date "2024.01.30"]
[Round "8"]
[White "kidagent"]
[Black "verrbaa"]
[Result "0-1"]
[WhiteElo "2326"]
[BlackElo "2465"]
[TimeControl "180+1"]
[EndTime "9:29:19 PST"]
[Termination "verrbaa won by resignation"]

1. c4 Nf6 2. g3 e6 3. Bg2 d5 4. Nf3 Be7 5. O-O d4 6. e3 c5 7. b4 dxe3 8. fxe3 cxb4 9. d4 O-O 10.
Bb2 Nc6 11. Nbd2 e5 12. d5 e4 13. Ng5 Na5 14. Ngxe4 Ng4 15. Qe2 f5 16. d6 Bxd6 17. Nxd6 Qxd6 18. Bd4 Nc6 19. c5 Qe7 20. Rae1 Be6 21.
Nb3 Rae8 22. h3 Nf6 23. Bb2 Bxb3 24. axb3 Qxc5 25. Kh2 Kh8 26. Qd3 Ne4 27. Rc1 Qe7 28. Rc4 Ne5 29. Bxe5 Qxe5 30. Bxe4 fxe4 31. Qxe4 Qb2+ 32.
Qc2 Qxc2+ 0-1

[Event "Early-Titled-Tuesday-Blitz-January-30-2024"]
[Site "Chess.com"]
[Date "2024.01.30"]
[Round "8"]
[White "Legendinunknown"]
[Black "VincentKeymer"]
[Result "0-1"]
[WhiteElo "2844"]
[BlackElo "3066"]
[TimeControl "180+1"]
[EndTime "9:29:20 PST"]
[Termination "VincentKeymer won by resignation"]

1. d4 Nf6 2. c4 e6 3. Nc3 Bb4 4. f3 d5 5. a3 Bd6 6. e4 dxe4 7. fxe4 e5 8. dxe5 Bxe5 9. Qxd8+ Kxd8 10. Bg5 h6 11. O-O-O+ Nd7 12. Bxf6+ Bxf6 13. Nd5 Bg5+ 14. Kc2 c6 15. h4 Be7 16. Nxe7 Kxe7 17. Nf3 Nc5 18.
Re1 a5 19. b3 Be6 20. Nd4 Rhd8 21. Kc3 Rd7 22. g3 Rad8 23. Nxe6 fxe6 24. b4 axb4+ 25. axb4 Nd3 26. Re2 Ne5 27. Ra2 Rd1 28. Bg2 R8d3+ 29. Kc2 R1d2+ 30. Kb1 Rxa2 31. Kxa2 Rd2+ 32.
Kb3 Rxg2 33. Ra1 Rxg3+ 34. Kc2 Nxc4 35. Ra7 Kd6 36. Rxb7 g5 37. h5 Rh3 38. Rh7 Rxh5 39. Kc3 Ne5 40. b5 cxb5 41. Kd4 g4 42. Rb7 g3 43.
Ke3 Rg5 0-1

[Event "Early-Titled-Tuesday-Blitz-January-30-2024"]
[Site "Chess.com"]
[Date "2024.01.30"]
[Round "8"]
[White "Szparu"]
[Black "amintabatabaei"]
[Result "0-1"]
[WhiteElo "2764"]
[BlackElo "2944"]
[TimeControl "180+1"]
[EndTime "9:29:21 PST"]
[Termination "amintabatabaei won on time"]

1. e4 c5 2. c3 Nf6 3. e5 Nd5 4.
d4 cxd4 5. Nf3 d6 6. Bc4 Nb6 7. Bb3 dxe5 8. Nxe5 e6 9. cxd4 Nc6 10.
Nxc6 bxc6 11. O-O Be7 12. Re1 O-O 13. Nc3 a5 14. Bf4 Nd5 15. Bg3 Ba6 16. Qg4 Nf6 17.
Qd1 Qd7 18. Qf3 Qxd4 19. Qxc6 Rfc8 20. Qf3 Qb6 21. Be5 Bb7 22. Qg3 g6 23. Qh4 Qd8 24.
Rad1 Nd7 25. Qh3 Ra6 26. Rd4 Qe8 27. Bg3 Nc5 28. Bc2 Rb6 29. Na4 Rb4 30. Rxb4 axb4 31.
Nb6 Rd8 32. a3 Rd2 33. axb4 Rxc2 34. bxc5 Bxc5 0-1

[Event "Early-Titled-Tuesday-Blitz-January-30-2024"]
[Site "Chess.com"]
[Date "2024.01.30"]
[Round "8"]
[White "Bkmzzzzz"]
[Black "GiorgianBarbosa"]
[Result "1-0"]
[WhiteElo "2346"]
[BlackElo "2463"]
[TimeControl "180+1"]
[EndTime "9:29:21 PST"]
[Termination "Bkmzzzzz won on time"]

1. e4 c5 2. Nf3 d6 3. d4 cxd4 4. Qxd4 Bd7 5. Nc3 Nf6 6. Bb5 a6 7. Bxd7+ Nbxd7 8. Bg5 e6 9. O-O-O Be7 10. Bxf6 Nxf6 11.
e5 dxe5 12. Qa4+ Nd7 13. Nxe5 b5 14. Qe4 Ra7 15. Nc6 Qc7 16. Nxa7 Qxa7 17. Qc6 Bf6 18. Ne4 Ke7 19. Qd6+ Ke8 20. Rd3 Qb7 21. Nxf6+ gxf6 22. Rhd1 1-0

[Event "Early-Titled-Tuesday-Blitz-January-30-2024"]
[Site "Chess.com"]
[Date "2024.01.30"]
[Round "8"]
[White "Akylbek2021"]
[Black "deepfear"]
[Result "1-0"]
[WhiteElo "2273"]
[BlackElo "1957"]
[TimeControl "180+1"]
[EndTime "9:29:21 PST"]
[Termination "Akylbek2021 won by checkmate"]

1. d4 Nf6 2. c4 g6 3. Nc3 Bg7 4. g3 O-O 5. Bg2 d6 6. Nf3 Nc6 7. O-O a6 8. d5 Na5 9. Nd2 c5 10.
e4 Rb8 11. a4 e5 12. dxe6 fxe6 13. Rb1 Qc7 14. b3 Bd7 15. Bb2 b5 16. axb5 axb5 17.
Ba1 bxc4 18. Nxc4 Nxc4 19. bxc4 Rxb1 20. Qxb1 Rb8 21. Qa2 Bc6 22. Rd1 Ra8 23. Qd2 Rxa1 24. Rxa1 Bxe4 25. Nxe4 Nxe4 26. Ra8+ Kf7 27. Bxe4 Bf6 28.
h4 Be7 29. Qh6 d5 30. Qxh7+ Kf6 31. Qxg6+ Ke5 32. cxd5 exd5 33. Qf5+ Kd4 34. Qxd5+ Kc3 35. Ra3+ Kb4 36. Qb3# 1-0

[Event "Early-Titled-Tuesday-Blitz-January-30-2024"]
[Site "Chess.com"]
[Date "2024.01.30"]
[Round "8"]
[White "Lion-Al-Messi"]
[Black "hasagoodchesser"]
[Result "1-0"]
[WhiteElo "2575"]
[BlackElo "2729"]
[TimeControl "180+1"]
[EndTime "9:29:22 PST"]
[Termination "Lion-Al-Messi won on time"]

1. e4 c6 2. Nf3 g6 3. d4 Bg7 4. Nc3 d6 5. Be2 Nf6 6. O-O O-O 7. a4 Nbd7 8. Re1 e5 9. b3 Re8 10. Ba3 exd4 11. Nxd4 Nc5 12. Bf3 a5 13. Qd2 Bg4 14.
Bxg4 Nxg4 15. h3 Nf6 16. e5 dxe5 17. Bxc5 Nd7 18. Nxc6 bxc6 19. Bd6 e4 20. Rad1 f5 21. Ne2 Qf6 22. Bf4 Nc5 23. Bg5 Qf7 24. Qe3 Ne6 25. Bh4 h6 26. f3 g5 27. Bf2 exf3 28. Qxf3 Qc7 29. Qxf5 Nf8 30. Bg3 Qf7 31. Qxf7+ Kxf7 32. Rf1+ Kg8 33. Nd4 c5 34. Nf5 c4 35. Nxg7 Kxg7 36. bxc4 Rac8 37. Rd4 Re2 38. Rf2 Re6 39. Rfd2 Rec6 40.
Be5+ Kg8 41. Rd5 Rxc4 42. Rxa5 Re4 43. c3 Re8 44. Bd4 Re1+ 45. Kh2 Ra1 46. Ra7 Ne6 47.
Re2 Kf8 48. Rh7 1-0

[Event "Early-Titled-Tuesday-Blitz-January-30-2024"]
[Site "Chess.com"]
[Date "2024.01.30"]
[Round "8"]
[White "topce"]
[Black "chess123456s"]
[Result "1-0"]
[WhiteElo "2401"]
[BlackElo "2542"]
[TimeControl "180+1"]
[EndTime "9:29:22 PST"]
[Termination "topce won by resignation"]

1. e4 e5 2. Nf3 Nc6 3. Nc3 Nf6 4. Bb5 Bd6 5. O-O O-O 6. h3 Re8 7. Re1 a6 8. Bxc6 dxc6 9. Ne2 Nxe4 10. d3 Nf6 11.
Ng3 h6 12. b3 Bb4 13. Bd2 Bxd2 14. Qxd2 Qd6 15. Qc3 Nd5 16. Qc4 Nf4 17. Qxf4 exf4 18. Rxe8+ Kh7 19. Ne4 Qd7 20. Re1 b6 21. Nf6+ gxf6 22.
R1e7 Qd5 23. c4 Qh5 24. Rxc7 Bb7 25. Ree7 Kg7 26. Rxb7 Rd8 27. d4 b5 28. Kh2 Kf8 29. Ra7 bxc4 30. bxc4 Rd6 31. Rec7 Re6 32. Rc8+ Kg7 33. Raa8 Kg6 34. Rg8+ Kf5 35. Rxa6 Ke4 36.
Rb8 Kd3 37. Rb3+ Kxc4 38. Ra4+ Kd5 39. Ra5+ Ke4 40. Rxh5 1-0

[Event "Early-Titled-Tuesday-Blitz-January-30-2024"]
[Site "Chess.com"]
[Date "2024.01.30"]
[Round "8"]
[White "stratacticos"]
[Black "toog"]
[Result "0-1"]
[WhiteElo "2048"]
[BlackElo "2585"]
[TimeControl "180+1"]
[EndTime "9:29:23 PST"]
[Termination "toog won on time"]

1. e4 b6 2. Nc3 Bb7 3. d3 g6 4. Bd2 Bg7 5. f4 d6 6. Nf3 e6 7. Be2 c5 8. O-O Nc6 9. f5 Nf6 10. Bg5 h6 11. Bh4 g5 12. fxe6 fxe6 13. Bg3 O-O 14. Nb5 Ne8 15. c3 a6 16. Na3 Qe7 17. Nc2 Nf6 18. e5 dxe5 19. Nxe5 Nxe5 20.
Bxe5 Rad8 21. Bf3 Nd5 22. Bxg7 Qxg7 23. d4 Nf4 24. Bxb7 Qxb7 25. Qf3 Qxf3 26. Rxf3 e5 27. Rd1 exd4 28. cxd4 cxd4 29. Rf2 d3 30. Ne3 Rde8 31. Ng4 h5 0-1

[Event "Early-Titled-Tuesday-Blitz-January-30-2024"]
[Site "Chess.com"]
[Date "2024.01.30"]
[Round "8"]
[White "guillembaches"]
[Black "elgrona"]
[Result "1-0"]
[WhiteElo "2550"]
[BlackElo "2344"]
[TimeControl "180+1"]
[EndTime "9:29:24 PST"]
[Termination "guillembaches won on time"]

1. d4 d5 2. Nf3 Nf6 3. Bg5 c6 4. Nbd2 Bf5 5. e3 Nbd7 6. Bd3 e6 7. Bxf5 exf5 8. O-O h6 9. Bh4 g5 10. Bg3 Bg7 11. Bd6 Ne4 12. Nxe4 fxe4 13. Ne5 Qf6 14. Bc7 Rc8 15. Nxd7 Kxd7 16. Be5 Qg6 17. Bxg7 Qxg7 18.
c4 Qg6 19. Qb3 Qe6 20. Qxb7+ Rc7 21. Qa6 Rb8 22. b3 Rb6 23. Qa4 Rcb7 24. cxd5 Qxd5 25.
Rac1 Rb4 26. Qa6 R4b6 27. Qe2 Qb5 28. Qg4+ f5 29. Qh5 1-0

[Event "Early-Titled-Tuesday-Blitz-January-30-2024"]
[Site "Chess.com"]
[Date "2024.01.30"]
[Round "8"]
[White "Hasangatin_Ramil"]
[Black "FlemingA"]
[Result "0-1"]
[WhiteElo "2663"]
[BlackElo "2469"]
[TimeControl "180+1"]
[EndTime "9:29:26 PST"]
[Termination "FlemingA won on time"]

1. c4 e5 2. Nc3 Nc6 3. Nf3 Nf6 4. e3 d5 5. cxd5 Nxd5 6. d4 Bb4 7. Bd2 exd4 8. exd4 O-O 9. Be2 Bg4 10. a3 Be7 11. Be3 Bf6 12. O-O Re8 13. Qd2 Na5 14. Qd3 Bh5 15. b4 Nc6 16. Qd2 Nxc3 17. Qxc3 Ne7 18. Rad1 Nd5 19. Qd2 c6 20. b5 Qd6 21. bxc6 bxc6 22.
a4 Rab8 23. Rb1 Qa3 24. Ra1 Qb3 25. h3 Nxe3 26. fxe3 Qxe3+ 27. Qxe3 Rxe3 28. Ra2 Rbe8 29. Bc4 Rc3 30. Be2 h6 0-1

[Event "Early-Titled-Tuesday-Blitz-January-30-2024"]
[Site "Chess.com"]
[Date "2024.01.30"]
[Round "8"]
[White "GrotBchess"]
[Black "Muslim_player_05"]
[Result "1-0"]
[WhiteElo "2330"]
[BlackElo "2488"]
[TimeControl "180+1"]
[EndTime "9:29:27 PST"]
[Termination "GrotBchess won by resignation"]

1. e4 e5 2. Nf3 Nc6 3. Bb5 a6 4.
Ba4 Nf6 5. O-O d6 6. c3 Bd7 7.
Re1 g6 8. d4 Bg7 9. Nbd2 O-O 10. Nf1 b5 11. Bb3 Bg4 12. dxe5 Nxe5 13. N1d2 Nd3 14. Re3 Nxc1 15. Rxc1 Bh6 16. Rd3 Qe7 17. h3 Bxf3 18. Qxf3 Nd7 19. Qe2 Ne5 20. Rd4 Qg5 21. Rf1 Qh4 22. Nf3 Nxf3+ 23. Qxf3 Rae8 24. e5 Rxe5 25.
Rxh4 Bg7 26. Re4 Rf5 27. Rf4 Re5 28. Rxf7 1-0

[Event "Early-Titled-Tuesday-Blitz-January-30-2024"]
[Site "Chess.com"]
[Date "2024.01.30"]
[Round "8"]
[White "salomez"]
[Black "Darkbluelord"]
[Result "0-1"]
[WhiteElo "2296"]
[BlackElo "2127"]
[TimeControl "180+1"]
[EndTime "9:29:27 PST"]
[Termination "Darkbluelord won on time"]

1. e4 c5 2. Nf3 d6 3. d4 cxd4 4. Nxd4 Nf6 5. Nc3 g6 6. Be2 Bg7 7. O-O Nc6 8. Nb3 O-O 9. Bg5 Be6 10. Kh1 Na5 11. f4 Bc4 12. Nxa5 Bxe2 13. Qxe2 Qxa5 14.
e5 dxe5 15. fxe5 Nd5 16. Nxd5 Qxd5 17. Bxe7 Rfe8 18. Bh4 Rxe5 19. Qg4 Re4 20. Qf3 Rae8 21. Rad1 Qe6 22. Bg3 f5 23. b3 b6 24. c4 Re3 25.
Qb7 a5 26. Rd7 Bc3 27. Rxh7 f4 28. Bf2 Re2 29. Bxb6 Re1 0-1

[Event "Early-Titled-Tuesday-Blitz-January-30-2024"]
[Site "Chess.com"]
[Date "2024.01.30"]
[Round "8"]
[White "VladimirKramnik"]
[Black "LevonAronian"]
[Result "1-0"]
[WhiteElo "2952"]
[BlackElo "3092"]
[TimeControl "180+1"]
[EndTime "9:29:28 PST"]
[Termination "VladimirKramnik won by resignation"]

1. c4 e5 2. Nc3 Nf6 3. Nf3 e4 4. Nd4 Nc6 5. Nc2 Bc5 6. g3 O-O 7. Bg2 Re8 8. O-O d6 9. Ne3 Bxe3 10.
fxe3 Bg4 11. b3 Bh5 12. Bb2 Bg6 13. Rf4 Nh5 14. Rxe4 Bxe4 15. Nxe4 Ne5 16. Qf1 Qd7 17. Bh3 Qc6 18. d3 b5 19. g4 Nf6 20. Nxf6+ gxf6 21. Bg2 Qd7 22. Bxa8 Rxa8 23. Qxf6 bxc4 24. bxc4 Rb8 25. Bxe5 dxe5 26. Qg5+ Kf8 27. Qxe5 Qxg4+ 28. Kh1 Rb6 29.
Qxc7 Rg6 30. Qd8+ Kg7 31. Qd4+ 1-0

[Event "Early-Titled-Tuesday-Blitz-January-30-2024"]
[Site "Chess.com"]
[Date "2024.01.30"]
[Round "8"]
[White "DrCeltic"]
[Black "Brahianzevich"]
[Result "1/2-1/2"]
[WhiteElo "2537"]
[BlackElo "2380"]
[TimeControl "180+1"]
[EndTime "9:29:28 PST"]
[Termination "Game drawn - insufficient material"]

1. e4 c5 2. Nf3 d6 3. d4 cxd4 4.
Nxd4 Nf6 5. Nc3 a6 6. Be3 Ng4 7. Bc1 Nf6 8. a4 e5 9. Nf3 Be7 10. Bc4 O-O 11. Bg5 Nbd7 12. O-O b6 13. Bxf6 Nxf6 14.
Bd5 Ra7 15. Qd3 Qc7 16. Rad1 Bb7 17. Bxb7 Qxb7 18. Rfe1 Rb8 19. Nd2 b5 20. axb5 axb5 21.
Nf1 b4 22. Nd5 Nxd5 23. Qxd5 Qxd5 24. Rxd5 Ra2 25. Rb1 Rc8 26. Ne3 Bg5 27. Rxd6 Bxe3 28. fxe3 g6 29. Rd5 Rxc2 30. Rxe5 Raxb2 31. Rxb2 Rxb2 32. Rb5 Kg7 33. Rb6 h5 34. h4 f6 35. Kh2 g5 36.
hxg5 fxg5 37. Kg3 Rb3 38. Kf3 Kf7 39. Rb7+ Kf6 40. Rb6+ Kf7 41. e5 Rb2 42. g3 h4 43.
gxh4 gxh4 44. Rh6 Rh2 45. Rb6 Rb2 46. Kg4 Re2 47. Kf5 Rxe3 48. Rb7+ Kf8 49. Rxb4 h3 50.
Rh4 Kg7 51. Ke6 Rd3 52. Ke7 Kg6 53. e6 Kg5 54. Rh8 Kg4 55. Kf7 Rf3+ 56. Kg6 Re3 57.
Kf6 Kg3 58. e7 h2 59. Rg8+ Kf2 60. Rh8 Kg2 61. Kf7 Rf3+ 62. Ke6 h1=Q 63. Rxh1 Kxh1 64. e8=Q Re3+ 65. Kd7 Rxe8 66. Kxe8 1/2-1/2

[Event "Early-Titled-Tuesday-Blitz-January-30-2024"]
[Site "Chess.com"]
[Date "2024.01.30"]
[Round "8"]
[White "Bushonica"]
[Black "agvega14"]
[Result "0-1"]
[WhiteElo "1819"]
[BlackElo "2151"]
[TimeControl "180+1"]
[EndTime "9:29:28 PST"]
[Termination "agvega14 won by checkmate"]

1. e4 c5 2. d4 cxd4 3. Qxd4 Nc6 4. Qe3 d6 5. Nc3 Nf6 6. Bc4 e6 7. h3 a6 8. f4 Qc7 9. Nf3 Be7 10. Bd2 b5 11. Bd3 Bb7 12. O-O Rc8 13. Kh1 Nb4 14. a3 Nc6 15. Rae1 Na5 16. b3 O-O 17. f5 e5 18. g4 d5 19. exd5 Nxd5 20. Nxd5 Bxd5 21. Qxe5 Qxe5 22. Rxe5 Bxf3+ 23. Rxf3 Nc6 24. Re2 Nd4 25. Rxe7 Nxf3 26. Bf4 Nd4 27. c4 Nxb3 28. cxb5 axb5 29. Bxb5 Nd4 30. Bd7 Rc3 31. Kg2 Rxa3 32. Be5 Nc2 33. f6 gxf6 34. Bxf6 Rb8 35. Bf5 Ra2 36. Be5 Ne1+ 37.
Kf1 Rba8 38. Be4 Nc2 39. Bxa8 Rxa8 40. Ke2 Nb4 41. Kf3 Nc6 42. Rc7 Nxe5+ 43. Kf4 Ng6+ 44.
Kg5 Re8 45. h4 Re5+ 46. Kf6 Re6+ 47. Kg5 Kg7 48. h5 h6+ 49. Kf5 Re5# 0-1

[Event "Early-Titled-Tuesday-Blitz-January-30-2024"]
[Site "Chess.com"]
[Date "2024.01.30"]
[Round "8"]
[White "viktorgen2021"]
[Black "ValentunHulka"]
[Result "0-1"]
[WhiteElo "2574"]
[BlackElo "2791"]
[TimeControl "180+1"]
[EndTime "9:29:31 PST"]
[Termination "ValentunHulka won by resignation"]

1. d4 Nf6 2. Nf3 e6 3. g3 d5 4. c4 dxc4 5. Qa4+ Bd7 6. Qxc4 c5 7. dxc5 Nc6 8. Nc3 Qa5 9. Bg2 Qxc5 10. Qxc5 Bxc5 11.
O-O O-O 12. Rd1 Rfd8 13. Bg5 Be8 14. Bxf6 gxf6 15. Rac1 Be7 16. a3 h6 17. e3 Rxd1+ 18.
Rxd1 Rd8 19. Nd4 Na5 20. b4 Nc4 21. Bxb7 Nxa3 22. Ra1 Bxb4 23. Nb1 Nxb1 24. Rxb1 a5 25. Bc6 Kf8 26. Kg2 e5 27. Bxe8 exd4 28. Ba4 d3 29. Kf3 d2 30. Ke2 Ke7 31. Kd1 Rc8 32. Bb3 Rc3 33.
Ba2 Rc7 34. Bb3 Kd6 35. Ra1 Ke5 36. Bc2 Kd5 37. Bb3+ Ke4 38. Bc2+ Kf3 39. Ra2 Kxf2 40. e4 Rc3 0-1

[Event "Early-Titled-Tuesday-Blitz-January-30-2024"]
[Site "Chess.com"]
[Date "2024.01.30"]
[Round "8"]
[White "Evgeny81"]
[Black "Flaccidmoves"]
[Result "1-0"]
[WhiteElo "2711"]
[BlackElo "2453"]
[TimeControl "180+1"]
[EndTime "9:29:31 PST"]
[Termination "Evgeny81 won by resignation"]

1. e4 e6 2. d4 d5 3. e5 c5 4. c3 Nc6 5. Nf3 Bd7 6. Be2 Nh6 7.
Bxh6 gxh6 8. Nbd2 Qb6 9. O-O cxd4 10. cxd4 Nxd4 11. Re1 Bc5 12. Bd3 Nc6 13. Qe2 O-O-O 14. a3 Kb8 15. b4 Be7 16. Nb3 Rhg8 17. Rec1 f6 18. Bxh7 Rg7 19. Bd3 Rdg8 20. g3 h5 21. Nc5 Bc8 22. Na4 Nd4 23. Qe3 Nxf3+ 24. Qxf3 Qd4 25. Rd1 Rxg3+ 26. hxg3 Rxg3+ 27. Qxg3 fxe5 28. Bf1 Qf4 29. Qxf4 exf4 30. Nc5 1-0